 Seeded DCSS version 0.28.0 (webtiles) character file.

Game seed: 6335169610587823311 (custom seed)

2 Buxparty the Grave Robber (level 1, 12/14 HPs)
             Began as a Draconian Necromancer on Feb 6, 2022.
             Was a Follower of Sif Muna.
             Quit the game on level 1 of the Dungeon.
             The game lasted 00:01:14 (118 turns).

Buxparty the Grave Robber (Draconian Necromancer)    Turns: 118, Time: 00:01:14

Health: 12/14      AC:  4    Str: 10    XL:     1   Next: 33%
Magic:  1/3        EV: 12    Int: 21    God:    Sif Muna [*.....]
Gold:   9          SH:  0    Dex: 11    Spells: 3/4 levels left

rFire   . . .      SeeInvis .   (no weapon)
rCold   . . .      Faith    .   (no shield)
rNeg    . . .      Spirit   .   (armour unavailable)
rPois   .          Reflect  .   (helmet restricted)
rElec   .          Harm     .   (no cloak)
rCorr   .          Rampage  .   (no gloves)
Will    .....                   (no boots)
Stlth   ++........              (no amulet)
HPRegen 0.04/turn               a - +6 ring of intelligence
MPRegen 0.08/turn               (no ring)

@: no status effects
A: AC +4, unfitting armour, cold-blooded
a: Renounce Religion, Channel Magic


You were on level 1 of the Dungeon.
You worshipped Sif Muna.
Sif Muna was aware of your devotion.
You visited 1 branch of the dungeon, and saw 1 of its levels.

You collected 9 gold pieces.

Inventory:

Jewellery
 a - a +6 ring of intelligence (left hand)


   Skills:
 + Level 1.8 Dodging
 + Level 1.8 Stealth
 + Level 2.0 Spellcasting
 + Level 4.0 Necromancy


You had 3 spell levels left.
You knew the following spells:

 Your Spells              Type           Power      Damage    Failure   Level
a - Pain                  Necr           76%        1d7       2%          1

Your spell library contained the following spells:

 Spells                   Type           Power      Damage    Failure   Level
 Animate Skeleton         Necr           38%        N/A       2%          1
 Vampiric Draining        Necr           19%        2d7       9%          3
 Animate Dead             Necr           9%         N/A       28%         4
 Agony                    Necr           19%        N/A       61%         5


Dungeon Overview and Level Annotations

Branches:
Dungeon (1/15)

Altars:
Sif Muna


Innate Abilities, Weirdness & Mutations

Your plain brown scales are hard. (AC +4)
You cannot fit into any form of body armour.
You are cold-blooded and may be slowed by cold attacks.


Message History

The ball python writhes in agony.
You kill the ball python!
Magic restored.
HP restored.
You see here a ball python corpse.
You now have 8 gold pieces.
Found a stone staircase leading down.
A hobgoblin comes into view.
Found a gold piece.
Found a faded altar of an unknown god.
Found a gold piece.
Casting: Pain (safe; 2% risk of failure)
Confirm with . or Enter, or press ? or * to list all spells.
Aiming: Pain (safe; 2% risk of failure)
Press: ? - help, Shift-Dir - straight line, f - hobgoblin
Aim: a hobgoblin (asleep, chance to affect: 89%)
The hobgoblin shouts!
The hobgoblin writhes in agony.
Casting: Pain (safe; 2% risk of failure)
Confirm with . or Enter, or press ? or * to list all spells.
Aiming: Pain (safe; 2% risk of failure)
Press: ? - help, Shift-Dir - straight line, f/p - hobgoblin
Aim: a hobgoblin (heavily wounded, chance to affect: 89%)
The hobgoblin writhes in agony.
You kill the hobgoblin!
You enter the shallow water.
Moving in this stuff is going to be slow.
You now have 9 gold pieces (gained 1).
There is a faded altar of an unknown god here.
You cannot tell which god this altar belongs to.
Convert to them anyway?
Sif Muna accepts your prayer! Sif Muna welcomes you!
You can now call upon Sif Muna for magical energy.
Unknown command.
Press < or > to pray at altars.
Unknown command.
Press < or > to pray at altars.
Unknown command.
Press < or > to pray at altars.
You aren't carrying any potions.
Are you sure you want to abandon this character and quit the game? (Confirm with "yes".)

########
#......#
#......#
#######..≈≈≈.#
#........≈@≈.##
#........≈≈$..#
##.............#
.
#......#.......#
.#
#......#########
..# #......#
#..###......#
#..#...>...#
###.........#


There were no monsters in sight!

Vanquished Creatures
  A ball python (D:1)
  A hobgoblin (D:1)
2 creatures vanquished.

Notes
Turn   | Place    | Note
-------+----------+-------------------------------------------
     0 | D:1      | Buxparty the Draconian Necromancer began the quest for the
                  | Orb.
     0 | D:1      | Reached XP level 1. HP: 14/14 MP: 3/3
   106 | D:1      | Found a faded altar of an unknown god.
   117 | D:1      | Prayed at the altar of an unknown god.
   117 | D:1      | Became a worshipper of Sif Muna the Loreminder
   117 | D:1      | Reached * piety under Sif Muna
   118 | D:1      | Quit the game

Illustrated notes

Levels and vault maps discovered:
D:1:      heliophobic_arrival_henge, layout_rooms,
          hellmonk_ecumenical_altar_pennies_from_heaven, serial_shops, shop,
          minmay_hexomino_u4

Action                   || total
-------------------------++-------
 Cast: Pain              ||     3
